AoeStats
← [taberna] carlos3g

Arena

513050559Analyzed
4v4 RM · 8d ago on Oct 11, 2026· 66m 1s· 8 players
Game mode
Random Map
Map size
Large (8 player)
Population
200
Speed
Normal
Resources
Standard
Victory
Conquest
Starting age
Dark Age
Ending age
Imperial Age
RankedLock teamsTeams togetherTeam positionsShared explorationLock speedFull tech treeHidden civsTurbo modeCheats
Victory
Defeat
🇺🇸 Mongols · United States
843
+13
🇵🇱 Turks · Poland
750
+17
🇺🇸 Slavs · United States
723
+18
🇲🇽 Celts · Mexico
683
+18
vs
🇧🇷 Romans · Brazil
794
-18
🇧🇷 Gurjaras · Brazil
774
-17
🇧🇷 Danes · Brazil
771
-17
🇧🇷 Burgundians · Brazil
707
-14
K1NGlogman
10:28 Feudal Age
10:59 Horse Collar
13:40 Double-Bit Axe
16:25 Man-at-Arms
19:32 Castle Age
19:04 Forging
18:54 Scale Mail Armor
19:35 Long Swordsman
20:16 Squires
20:44 Heavy Plow
25:32 Pikeman
31:38 Bow Saw
31:50 Chain Mail Armor
32:10 Iron Casting
37:25 Imperial Age
35:37 Wheelbarrow
38:08 Capped Ram
38:19 Halberdier
38:19 Two-Handed Swordsman
39:33 Plate Mail Armor
40:03 Blast Furnace
39:21 Champion
42:16 Siege Ram
43:42 Druzhina
44:04 Conscription
44:50 Crop Rotation
53:26 Detinets
CanineSteak5198
0:32 Loom
11:24 Feudal Age
14:04 Town Watch
16:51 Castle Age
14:46 Double-Bit Axe
15:21 Horse Collar
16:38 Gold Mining
21:45 Stone Mining
21:40 Pikeman
22:22 Squires
23:37 Stone Shaft Mining
25:26 Wheelbarrow
26:44 Fletching
27:21 Hand Cart
27:26 Bow Saw
31:36 Imperial Age
30:25 Gold Shaft Mining
29:57 Town Patrol
30:20 Bodkin Arrow
30:38 Padded Archer Armor
31:43 Heavy Plow
32:46 Bracer
33:53 Chemistry
34:10 Conscription
34:30 Bloodlines
34:21 Husbandry
34:11 Capped Ram
35:47 Drill
36:56 Leather Archer Armor
36:44 Scale Mail Armor
38:09 Forging
39:09 Chain Mail Armor
38:56 Siege Ram
41:43 Plate Mail Armor
41:47 Siege Engineers
43:16 Murder Holes
45:24 Heavy Camel Rider
48:43 Light Cavalry
49:11 Elite Steppe Lancer
49:47 Elite Mangudai
50:06 Hussar
52:20 Scale Barding Armor
58:40 Hoardings
61:26 Chain Barding Armor
61:42 Iron Casting
62:35 Ballistics
62:26 Masonry
62:28 Fortified Wall
64:37 Nomads
64:08 Sappers
jagermesiter
0:36 Loom
11:31 Feudal Age
12:47 Wheelbarrow
12:34 Double-Bit Axe
12:31 Horse Collar
17:56 Man-at-Arms
22:34 Castle Age
23:10 Crossbowman
36:48 Imperial Age
36:53 Ballistics
38:41 Elite Janissary
44:00 Bow Saw
43:52 Heavy Plow
44:59 Bombard Tower
45:15 Scale Mail Armor
58:45 Gold Mining
59:33 Husbandry
61:08 Forging
61:04 Scale Barding Armor
65:51 Gold Shaft Mining
GenCR7
1:00 Loom
15:05 Feudal Age
16:41 Wheelbarrow
16:44 Man-at-Arms
20:23 Horse Collar
20:32 Double-Bit Axe
21:01 Scale Mail Armor
22:37 Forging
26:40 Castle Age
25:39 Padded Archer Armor
26:23 Scale Barding Armor
26:47 Gold Mining
26:50 Stone Mining
27:23 Long Swordsman
27:40 Light Cavalry
29:43 Gambesons
30:17 Chain Mail Armor
30:01 Pikeman
31:39 Bow Saw
33:09 Iron Casting
33:24 Town Watch
33:59 Hand Cart
33:57 Elite Skirmisher
38:52 Imperial Age
36:26 Town Patrol
36:25 Fletching
37:40 Heavy Plow
39:06 Two-Handed Swordsman
40:04 Champion
41:26 Arson
43:52 Plate Mail Armor
47:32 Capped Ram
50:16 Halberdier
52:10 Fortified Wall
53:19 Blast Furnace
57:28 Chemistry
56:27 Heavy Scorpion
62:16 Furor Celtica
[taberna] carlos3g
11:39 Feudal Age
12:13 Double-Bit Axe
12:11 Horse Collar
19:31 Castle Age
17:51 Stone Mining
18:21 Gold Mining
20:29 Bow Saw
20:22 Heavy Plow
29:01 Imperial Age
26:51 Town Watch
28:02 Wheelbarrow
30:29 Conscription
29:33 Elite Varangian Guard
30:18 Scale Mail Armor
30:46 Forging
31:29 Squires
31:25 Arson
32:32 Chain Mail Armor
33:30 Iron Casting
33:20 Town Patrol
33:39 Hand Cart
33:10 Hamask
34:36 Elite Jomsviking
40:26 Ballistics
41:07 Chemistry
40:41 Plate Mail Armor
41:15 Blast Furnace
41:01 Padded Archer Armor
44:08 Leather Archer Armor
43:43 Fletching
44:10 Elite Skirmisher
49:54 Bodkin Arrow
50:29 Ring Archer Armor
JohnnieWalker
11:34 Feudal Age
12:06 Double-Bit Axe
12:03 Horse Collar
14:33 Wheelbarrow
18:28 Castle Age
20:32 Bow Saw
29:30 Imperial Age
27:56 Heavy Plow
28:25 Scale Mail Armor
28:56 Forging
29:31 Chain Mail Armor
28:59 Man-at-Arms
30:50 Man-at-Arms
32:17 Crop Rotation
32:26 Iron Casting
31:42 Fletching
32:07 Long Swordsman
33:48 Conscription
34:06 Comitatenses
34:13 Conscription
33:37 Legionary
34:31 Gold Mining
34:33 Stone Mining
34:53 Squires
36:05 Pikeman
36:29 Capped Ram
37:20 Caravan
48:30 Gold Shaft Mining
51:33 Elite Centurion
53:21 Blast Furnace
52:31 Bodkin Arrow
52:51 Fortified Wall
52:48 Siege Engineers
54:14 Hand Cart
59:24 Guard Tower
segfault
5:19 Loom
11:49 Feudal Age
11:34 Horse Collar
11:49 Double-Bit Axe
13:26 Wheelbarrow
20:16 Castle Age
18:47 Heavy Plow
19:00 Stone Mining
21:11 Hand Cart
21:56 Gold Mining
23:29 Double-Bit Axe
27:06 Gold Shaft Mining
27:32 Bow Saw
29:48 Town Watch
32:09 Fortified Wall
32:28 Scale Barding Armor
32:25 Padded Archer Armor
36:16 Imperial Age
35:04 Light Cavalry
35:50 Elite Skirmisher
37:07 Town Patrol
37:44 Hussar
40:47 Burgundian Vineyards
42:10 Elite Coustillier
43:51 Stone Shaft Mining
43:40 Forging
51:14 Two-Man Saw
53:39 Chemistry
53:00 Ballistics
52:37 Murder Holes
52:27 Treadmill Crane
52:59 Masonry
56:52 Fletching
63:52 Leather Archer Armor
63:33 Bodkin Arrow
TheuzzLivee
12:45 Feudal Age
17:46 Castle Age
15:39 Double-Bit Axe
17:52 Scale Barding Armor
30:12 Light Cavalry
36:43 Imperial Age
38:43 Forging
43:08 Fletching
43:59 Iron Casting
46:17 Hussar
52:13 Chain Barding Armor
61:48 Caravan
62:26 Coinage
Connection lost

Rejoining the realm…

Still unreachable

The connection could not be restored.

Session expired

The server has moved on; the page needs a fresh start.